Map: Orbital Shipyard

Players

IlllIIIlllIl - Winner!

  • Race: Protoss Protoss
  • League: Master

Miszu

  • Race: Terran Terran
  • League: Master

VOD

Have the link to the VOD?

Description

Time

  • Played on: March 25, 2016, 2:52 p.m.
  • Length: 12:36
Show
View Real Time Build Order
Export as new Build Order

IlllIIIlllIl Protoss - Winner!

Build Orders: 1 Gate Expand, Oracle Opening 

Get SALT Encoding   

  12  0:00  Probe (Chrono Boost)  
  13  0:11  Probe (Chrono Boost)  
  14  0:17  Pylon  
  14  0:22  Probe (Chrono Boost)  
  16  0:35  Probe (Chrono Boost)  
  16  0:40  Gateway  
  16  0:46  Probe (Chrono Boost)  
  16  0:49  Assimilator  
  17  0:56  Probe (Chrono Boost)  
  18  1:07  Probe (Chrono Boost)  
  19  1:18  Probe (Chrono Boost)  
  20  1:28  Cybernetics Core, Probe (Chrono Boost)  
  21  1:40  Nexus  
  21  1:46  Assimilator  
  21  1:51  Pylon  
  22  1:54  Probe (Chrono Boost)  
  22  2:02  Pylon  
  22  2:04  Probe (Chrono Boost)  
  23  2:10  Adept (Chrono Boost)  
  25  2:20  Stargate  
  25  2:24  Probe  
  26  2:30  Warp Gate  
  26  2:36  Probe (Chrono Boost)  
  27  2:45  Adept  
  27  2:48  Probe (Chrono Boost)  
  30  2:52  Probe (Chrono Boost)  
  31  2:59  Probe (Chrono Boost)  
  31  3:02  Probe (Chrono Boost)  
  31  3:04  Oracle (Chrono Boost)  
  36  3:10  Probe  
  36  3:12  Probe  
  38  3:22  Probe x2  
  40  3:33  Nexus  
  43  3:41  Oracle (Chrono Boost)  
  43  3:43  Probe  
  41  3:56  Probe  
  41  3:57  Probe  
  41  4:00  Assimilator  
  41  4:01  Pylon  
  43  4:04  Assimilator  
  43  4:07  Probe  
  43  4:08  Probe  
  45  4:12  Oracle (Chrono Boost)  
  48  4:21  Probe  
  48  4:23  Probe  
  48  4:40  Probe x2  
  50  4:45  Twilight Council  
  50  4:47  Oracle (Chrono Boost), Pylon, Probe  
  50  4:50  Probe  
  55  4:53  Probe  
  55  4:57  Probe  
  57  5:03  Probe  
  57  5:05  Probe  
  59  5:08  Gateway  
  59  5:09  Twilight Council  
  59  5:10  Gateway  
  59  5:12  Mothership Core  
  59  5:13  Probe  
  59  5:15  Gateway  
  59  5:17  Forge, Pylon, Probe  
  59  5:20  Oracle (Chrono Boost)  
  59  5:21  Pylon  
  63  5:24  Probe  
  67  5:29  Probe  
  67  5:34  Pylon  
  68  5:36  Probe  
  68  5:37  Resonating Glaives (Chrono Boost)  
  68  5:41  Probe  
  70  5:43  Probe  
  70  5:44  Robotics Facility  
  70  5:48  Probe  
  72  5:50  Oracle  
  72  5:53  Probe  
  76  6:00  Probe  
  77  6:05  Probe  
  78  6:12  Probe  
  78  6:17  Probe  
  80  6:18  Photon Cannon  
  80  6:21  Photon Cannon  
  80  6:24  Adept x4, Probe  
  89  6:27  Protoss Ground Armor Level 1 (Chrono Boost)  
  89  6:29  Robotics Facility  
  89  6:36  Probe x2  
  89  6:39  Photon Cannon  
  89  6:51  Probe  
  89  6:52  Adept x4  
  89  6:53  Probe  
  99  6:55  Assimilator  
  99  7:00  Assimilator  
  99  7:01  Probe  
  100  7:02  Observer  
  100  7:05  Pylon x2, Probe  
  102  7:09  Forge  
  102  7:23  Immortal  
  100  7:38  Probe  
  100  7:39  Adept x4  
  109  7:45  Immortal  
  109  7:46  Protoss Ground Weapons Level 1 (Chrono Boost)  
  113  7:57  Probe x2  
  115  8:02  Immortal  
  115  8:05  Adept x3  
  121  8:10  Gateway  
  121  8:11  Gateway  
  121  8:12  Pylon x2  
  125  8:13  Pylon  
  125  8:16  Blink  
  125  8:17  Pylon  
  125  8:21  Protoss Ground Armor Level 2 (Chrono Boost)  
  125  8:26  Gateway  
  125  8:28  Gateway x2  
  125  8:30  Immortal  
  129  8:45  Immortal  
  133  8:50  Nexus, Pylon, Probe x2  
  133  8:52  Pylon  
  133  8:53  Pylon  
  135  8:55  Robotics Bay  
  135  9:01  Pylon  
  135  9:05  Photon Cannon  
  135  9:23  Immortal  
  139  9:25  Immortal, Stalker x4  
  139  9:26  Stalker  
  153  9:36  Stalker  
  153  9:37  Stalker x2  
  159  9:44  Extended Thermal Lance  
  159  9:47  Pylon, Protoss Ground Weapons Level 2 (Chrono Boost)  
  159  9:49  Pylon  
  159  9:56  Stalker  
  159  9:57  Stalker x4  
  166  10:13  Stalker x2  
  170  10:15  Stalker  
  170  10:17  Colossus x2  
  176  10:39  Adept  
  176  10:40  Adept x5  
  162  11:09  Stalker x5  
  162  11:10  Colossus  
  162  11:11  Colossus  
  178  11:36  Stalker x5  
  188  11:45  Adept  
  188  11:50  Nexus  
  161  11:59  Adept x2  
  142  12:02  Stalker  
  142  12:03  Stalker x3  
  142  12:06  Pylon  
  142  12:07  Pylon  
  137  12:15  Stalker  
  148  12:27  Stalker  
  148  12:28  Stalker x2  
Show
View Real Time Build Order
Export as new Build Order

Miszu Terran 

Build Orders: Command Center First (CC), MMM Bio 

Get SALT Encoding   

  12  0:00  SCV  
  13  0:13  SCV  
  14  0:18  Supply Depot  
  14  0:25  SCV  
  15  0:39  SCV  
  16  0:52  SCV  
  17  0:59  Command Center  
  17  1:04  SCV  
  18  1:16  SCV  
  18  1:17  Barracks  
  19  1:28  SCV  
  19  1:30  Barracks  
  20  1:40  SCV  
  20  1:45  Barracks  
  21  1:52  SCV  
  22  2:04  Marine, Orbital Command  
  23  2:11  Orbital Command  
  23  2:17  Marine  
  23  2:22  Marine  
  26  2:30  SCV  
  26  2:31  Marine  
  26  2:35  Refinery x2  
  26  2:36  SCV  
  28  2:39  Marine  
  28  2:40  Marine  
  30  2:46  SCV  
  30  2:48  SCV  
  30  2:49  Supply Depot  
  30  2:50  Marine  
  33  2:57  Marine  
  33  2:58  Marine, SCV  
  35  3:01  SCV  
  37  3:08  Barracks Tech Lab  
  37  3:10  SCV  
  38  3:13  Supply Depot, SCV  
  38  3:15  Marine  
  38  3:16  Marine  
  41  3:25  SCV  
  41  3:26  SCV  
  43  3:27  Marine, Stimpack  
  43  3:33  Marine x2  
  46  3:37  SCV  
  46  3:38  SCV  
  48  3:45  Marine  
  48  3:49  SCV  
  48  3:50  Marine, SCV  
  48  3:52  Engineering Bay  
  47  4:00  Factory  
  47  4:01  SCV  
  47  4:02  SCV  
  49  4:07  Marine  
  49  4:08  Marine  
  51  4:12  Marine  
  51  4:13  SCV  
  51  4:14  SCV  
  54  4:17  Refinery  
  54  4:18  Supply Depot  
  54  4:20  Missile Turret  
  54  4:21  Missile Turret  
  54  4:33  Supply Depot x2, Barracks Reactor, Barracks Tech Lab  
  54  4:34  Supply Depot  
  52  4:39  SCV x2  
  54  4:48  Starport, Factory Reactor  
  54  4:54  SCV x2, Combat Shields  
  54  4:55  Marine, Marauder  
  57  5:06  SCV x2  
  58  5:11  Marine  
  60  5:17  Terran Infantry Weapons Level 1, Command Center  
  60  5:18  SCV x2  
  61  5:31  SCV x2  
  61  5:32  Medivac x2  
  67  5:37  Refinery  
  67  5:40  Barracks  
  67  5:41  Barracks  
  67  5:43  SCV x2  
  69  5:55  SCV  
  69  5:56  Marine, Marauder  
  73  6:00  SCV  
  73  6:01  Marine  
  73  6:02  Marine  
  73  6:03  Concussive Shells  
  76  6:10  SCV  
  77  6:13  Supply Depot  
  77  6:16  SCV  
  78  6:28  Supply Depot, Marine x3, Medivac x2  
  78  6:29  Barracks Reactor, Marauder  
  78  6:30  Supply Depot  
  87  6:33  Barracks Tech Lab, SCV  
  88  6:44  Fusion Core  
  90  6:47  Marauder  
  90  6:48  SCV  
  90  6:50  Starport  
  90  6:51  Missile Turret  
  92  6:54  SCV  
  92  6:55  Orbital Command  
  92  7:00  SCV  
  93  7:04  Marauder  
  93  7:06  Supply Depot, Marauder  
  93  7:07  SCV  
  98  7:13  SCV  
  98  7:16  Liberator  
  91  7:29  SCV  
  89  7:33  Starport Tech Lab  
  89  7:35  SCV  
  96  7:37  SCV, Missile Turret  
  96  7:38  Marauder  
  96  7:41  SCV  
  100  7:47  Supply Depot, SCV  
  100  7:48  Refinery x2  
  100  7:49  Supply Depot, SCV  
  102  7:53  Advanced Ballistics  
  102  7:54  Marine x6  
  102  7:57  SCV  
  106  7:59  Marine  
  106  8:02  Liberator  
  106  8:04  Terran Infantry Armor Level 1  
  106  8:05  SCV  
  108  8:07  Liberator  
  108  8:11  Supply Depot, Marine  
  108  8:12  Supply Depot, SCV  
  110  8:13  SCV  
  110  8:14  Supply Depot  
  110  8:15  Marauder, Liberator  
  110  8:17  SCV  
  114  8:24  SCV  
  122  8:30  Refinery  
  124  8:37  Marine x2, Marauder x2  
  129  8:43  Supply Depot, Marine  
  129  8:44  Supply Depot  
  129  8:45  Liberator  
  129  8:47  Marine, Marauder  
  133  8:54  Marine  
  134  8:59  Marine x3  
  137  9:03  Liberator x2  
  137  9:07  Supply Depot  
  140  9:21  Marine, Marauder  
  149  9:27  Marine x2  
  149  9:28  Marine, Liberator  
  152  9:35  Command Center  
  152  9:37  Marine, Marauder  
  154  9:39  Marine  
  154  9:42  Marine  
  154  9:45  Engineering Bay  
  159  9:46  Liberator  
  159  9:48  Armory  
  159  9:53  Marine x3  
  159  9:54  Liberator  
  159  9:55  Marauder  
  159  9:57  Marine  
  168  10:10  Marine, Marauder  
  168  10:11  Marine, Liberator  
  174  10:17  Marauder  
  176  10:21  Marine  
  176  10:28  Marauder  
  182  10:29  Liberator  
  182  10:32  Marauder  
  182  10:36  Marine  
  182  10:37  Marine x2  
  182  10:38  Marauder  
  182  10:39  Marine  
  171  10:49  Marauder  
  176  10:53  Marauder  
  176  10:54  Marine x2  
  176  10:55  Marine  
  180  10:57  Marine  
  180  10:59  Marauder  
  183  11:10  Marine  
  183  11:12  Marine x2  
  183  11:13  Marine  
  183  11:14  Marauder  
  183  11:15  Marine  
  184  11:20  Marine  
  185  11:28  Marine, Liberator x2  
  185  11:30  Marine x2  
  185  11:31  Marine  
  189  11:33  Marine  
  189  11:35  Marine  
  189  11:38  Marine  
  192  11:46  Marine  
  193  11:47  Marine  
  193  11:48  Marine  
  193  11:49  Marine  
  193  11:50  Marine  
  193  11:54  Marauder  
  168  11:56  Marauder  
  148  12:04  Marauder  
  148  12:05  Marine  
  148  12:06  Marine  
  137  12:10  Marine  
  137  12:15  Marauder  
  127  12:17  Marine  
Tags
 
Add a new tag
Caveats
  • Supply blocks, unpowered buildings, or Contaminate may cause inaccurate times.
  • Supply counts are checked every 10 seconds.